Map: [EWC] Alcyone

Players

Oliveira

  • Race: Terran Terran
  • Spawn Location: 7:00

Classic - Winner!

  • Race: Protoss Protoss
  • Spawn Location: 1:00

Event: Esports World Cup 2024

VOD

Have the link to the VOD?

Description

Time

  • Played on: Aug. 17, 2024, 7:08 a.m.
  • Length: 9:10

All games in this series

Show
View Real Time Build Order
Export as new Build Order

Oliveira Terran 

Build Orders:  

Get SALT Encoding   

  12  0:00  SCV  
  13  0:12  SCV  
  14  0:17  Supply Depot  
  14  0:24  SCV  
  14  0:27  Refinery  
  15  0:39  SCV  
  16  0:45  Barracks  
  16  0:51  SCV  
  17  1:03  SCV  
  18  1:09  Engineering Bay  
  18  1:15  SCV  
  19  1:34  Orbital Command, Marine  
  19  1:38  Factory  
  20  1:46  Supply Depot  
  20  1:52  Barracks Reactor  
  20  2:00  SCV  
  21  2:14  SCV  
  22  2:18  Command Center  
  22  2:32  Hellion x2  
  22  2:35  Reaper  
  27  2:37  Supply Depot  
  27  2:53  Hellion x2  
  31  2:58  SCV  
  31  3:04  Barracks  
  32  3:06  Refinery  
  32  3:07  Barracks Tech Lab  
  32  3:10  SCV  
  33  3:23  SCV  
  34  3:28  Barracks  
  34  3:29  Siege Tank  
  37  3:35  Orbital Command  
  37  3:38  SCV  
  37  3:40  Marine  
  39  3:41  Marine  
  33  3:55  Orbital Command  
  33  3:58  Barracks Tech Lab  
  33  4:00  SCV  
  32  4:03  Siege Tank, Marine x2  
  37  4:12  SCV  
  38  4:17  Marine x2, Stimpack  
  38  4:20  SCV  
  38  4:24  SCV  
  42  4:25  Starport  
  42  4:29  Marine x2  
  44  4:33  SCV  
  44  4:36  SCV  
  44  4:38  Supply Depot  
  47  4:45  SCV  
  47  4:48  SCV, Marine  
  47  4:49  Combat Shield  
  47  4:50  Marine x2  
  51  4:52  Marine  
  51  4:57  SCV  
  53  5:00  Supply Depot, SCV  
  53  5:02  Medivac  
  55  5:08  Marine  
  55  5:10  SCV  
  55  5:13  Engineering Bay  
  57  5:16  SCV  
  57  5:17  Marine  
  57  5:18  Marauder  
  58  5:22  SCV  
  58  5:23  Marine  
  58  5:28  SCV  
  61  5:34  SCV, Refinery  
  62  5:35  Factory Reactor  
  62  5:36  Starport Reactor  
  62  5:39  Marauder  
  64  5:44  Marine x2  
  64  5:46  SCV  
  64  5:47  SCV  
  64  5:49  Terran Infantry Weapons Level 1  
  68  5:52  Supply Depot, Marine  
  68  5:57  Supply Depot  
  69  6:02  SCV  
  70  6:05  Marine  
  70  6:06  Marine  
  70  6:09  SCV  
  69  6:13  Medivac  
  69  6:14  SCV, Marauder  
  73  6:19  Refinery  
  73  6:20  Medivac  
  73  6:21  SCV  
  76  6:28  Marine x3, Widow Mine x2  
  76  6:31  SCV  
  84  6:35  Marine  
  85  6:46  Marine x2  
  89  6:47  Marauder  
  89  6:52  Widow Mine x2  
  89  6:53  Marauder  
  93  7:03  Marine  
  93  7:04  Marine, Medivac  
  99  7:08  Marauder  
  99  7:14  Marine  
  99  7:21  Marine  
  99  7:22  Marine  
  89  7:29  Marine  
  89  7:32  Marine  
  75  7:39  Marine  
  75  7:40  Marine  
  59  7:48  Marauder  
  59  7:49  Marine  
  51  7:54  SCV  
  51  7:55  SCV  
  51  7:57  Marine  
  50  7:59  Widow Mine  
  50  8:01  Widow Mine  
  54  8:05  Marine  
  54  8:08  SCV  
  54  8:10  SCV  
  51  8:38  Marine x2  
  51  8:39  Marauder  
  64  8:41  Widow Mine x2  
  64  8:43  SCV  
  64  8:44  SCV  
  60  8:49  Marine  
Show
View Real Time Build Order
Export as new Build Order

Classic Protoss - Winner!

Build Orders:  

Get SALT Encoding   

  12  0:00  Probe  
  13  0:12  Probe  
  14  0:17  Pylon  
  14  0:24  Probe  
  15  0:35  Gateway  
  15  0:36  Probe (Chrono Boost)  
  16  0:46  Assimilator, Probe (Chrono Boost)  
  17  0:51  Probe (Chrono Boost)  
  18  1:03  Probe  
  19  1:15  Probe  
  20  1:21  Zealot (Chrono Boost)  
  20  1:23  Cybernetics Core  
  22  1:28  Pylon  
  22  1:30  Probe  
  23  1:45  Assimilator  
  23  1:46  Probe  
  24  1:58  Probe  
  24  1:59  Stalker (Chrono Boost)  
  27  2:10  Nexus  
  27  2:21  Stalker (Chrono Boost)  
  29  2:26  Warp Gate  
  29  2:27  Pylon  
  29  2:28  Probe  
  30  2:40  Probe  
  31  2:48  Robotics Facility  
  31  2:52  Probe  
  31  2:54  Stalker  
  34  3:03  Gateway  
  34  3:05  Probe  
  35  3:17  Probe (Chrono Boost)  
  36  3:22  Probe (Chrono Boost)  
  37  3:27  Stalker  
  37  3:29  Probe (Chrono Boost)  
  37  3:31  Probe (Chrono Boost)  
  37  3:34  Observer, Probe (Chrono Boost)  
  41  3:36  Probe (Chrono Boost)  
  42  3:54  Probe x2  
  40  4:02  Warp Prism (Chrono Boost)  
  42  4:06  Probe x2  
  42  4:08  Pylon  
  44  4:15  Stalker x2  
  48  4:18  Probe x2  
  50  4:27  Twilight Council  
  50  4:28  Observer  
  50  4:30  Probe x2  
  52  4:42  Observer, Probe x2  
  55  4:54  Probe x2  
  55  4:56  Nexus  
  55  4:58  Pylon  
  57  5:06  Assimilator, Probe  
  57  5:07  Probe  
  59  5:10  Charge  
  59  5:19  Probe x2  
  61  5:28  Gateway  
  61  5:29  Immortal (Chrono Boost)  
  61  5:31  Gateway, Probe x2  
  67  5:37  Observer  
  67  5:38  Sentry  
  67  5:41  Pylon  
  69  5:46  Gateway  
  69  5:50  Gateway  
  69  5:52  Pylon  
  69  5:58  Probe  
  69  5:59  Stalker, Probe  
  69  6:02  Stalker  
  69  6:04  Observer  
  75  6:09  Probe  
  75  6:10  Probe  
  76  6:19  Gateway  
  76  6:21  Gateway, Shield Battery  
  76  6:25  Stalker x3  
  78  6:29  Zealot  
  80  6:33  Probe x3 (Chrono Boost)  
  83  6:45  Probe x3 (Chrono Boost)  
  86  6:48  Shield Battery, Sentry x2  
  86  6:52  Zealot x2  
  94  6:56  Sentry x2  
  94  7:00  Shield Battery  
  98  7:02  Shield Battery  
  98  7:03  Pylon  
  98  7:10  Pylon  
  98  7:11  Pylon  
  98  7:13  Zealot  
  100  7:21  Zealot x5  
  108  7:25  Pylon  
  108  7:30  Zealot x2  
  108  7:34  Zealot  
  100  7:43  Zealot x5  
  84  7:51  Probe  
  84  7:52  Probe x2  
  87  8:01  Observer (Chrono Boost)  
  87  8:05  Zealot x8  
  104  8:20  Pylon  
  104  8:21  Probe x3  
  107  8:30  Nexus  
  107  8:32  Zealot x3, Robotics Bay  
  113  8:35  Immortal (Chrono Boost)  
  117  8:43  Assimilator, Probe  
  117  8:44  Probe x2  
  120  8:53  Pylon  
  120  8:57  Forge  
  120  9:01  Stalker x4  
Tags
 
Add a new tag
Caveats
  • Supply blocks, unpowered buildings, or Contaminate may cause inaccurate times.
  • Supply counts are checked every 10 seconds.